 Dungeon Crawl Stone Soup version 0.19-a0-981-gaae9137 (webtiles) character file.

87651 Amnesiac the Eclecticist (level 15, -1/92 HPs)
             Began as a Tengu Conjurer on July 15, 2016.
             Was a High Priest of Vehumet.
             Slain by an air elemental (14 damage)
             ... on level 3 of the Elven Halls.
             The game lasted 01:25:36 (35353 turns).

Amnesiac the Eclecticist (Tengu Conjurer)          Turns: 35353, Time: 01:25:37

Health: -1/92      AC: 22    Str:  9    XL:     15   Next: 91%
Magic:  9/37       EV: 21    Int: 20    God:    Vehumet [*****.]
Gold:   233        SH: 13    Dex: 13    Spells: 4 memorised, 27 levels left

rFire  + . .     SeeInvis +     v - +3 mace (protect)
rCold  + . .     Gourm    .     N - +2 robe {Archmagi}
rNeg   . . .     Faith    .     f - +0 buckler
rPois  .         Spirit   .     K - +2 hat {SInv}
rElec  .         Dismiss  .     d - +0 cloak
rCorr  .         Reflect  +     (no gloves)
SustAt .         Harm     .     (boots unavailable)
MR     +....     Rnd*Tele +     L - brooch of Shielding {Reflect SH+8}
Stlth  ++........               G - ring of wizardry
                                y - ring of Xom's Regard {rF+ AC+4}

@: flying quickly and evasively, very slightly contaminated, hasted, very quick,
somewhat resistant to hostile enchantments, unstealthy
A: antennae 1, beak, talons 3, rough black scales 1, thin metallic scales 1,
blink, blurry vision 1, cold resistance 1, dopey 1, teleportitis 1, able to fly
2
a: Stop Flying, Blink, Renounce Religion


You were on level 3 of the Elven Halls.
You worshipped Vehumet.
Vehumet was extremely pleased with you.
You were not hungry.

You visited 5 branches of the dungeon, and saw 22 of its levels.
You also visited: Labyrinth and Ice Cave.

You collected 1986 gold pieces.
You spent 1753 gold pieces at shops.

Inventory:

Hand Weapons
 v - a +3 mace of protection (weapon)
Armour
 d - a +0 cloak (worn)
 f - a +0 buckler (worn)
 K - a +2 hat of see invisible (worn)
 N - a +2 robe of the Archmagi (worn)
Magical Staves
 s - an uncursed staff of air
Rods
 w - a +2 rod of clouds (13/13)
   (You took it off a minotaur in a labyrinth)
Jewellery
 i - the ring of Essoded {rElec MR- Int+4 Stlth-}
   (You took it off a wizard on level 11 of the Dungeon)

   [ring of loudness]

   It affects your intelligence (+4).
   It insulates you from electricity.
   It affects your resistance to hostile enchantments.
   It makes you less stealthy.
 y - the ring of Xom's Regard (left hand) {rF+ AC+4}
   (You took it off a minotaur in a labyrinth)

   [ring of protection]

   It affects your AC (+4).
   It protects you from fire.
 A - an uncursed ring of protection from fire
 C - the ring of Utienut {+Fly Int+2}
   (You found it on level 11 of the Dungeon)

   [ring of flight]

   It affects your intelligence (+2).
   It lets you fly.
 G - a ring of wizardry (right hand)
 J - an uncursed amulet of harm
 L - the brooch of Shielding (around neck) {Reflect SH+8}
   (You bought it in a shop on level 15 of the Dungeon)

   [amulet of reflection]

   It shields you and reflects attacks.
   It affects your SH (+8).
Wands
 g - a wand of disintegration (16/24)
 r - a wand of acid (3/15)
 D - a wand of hasting (4/9)
Scrolls
 j - 10 scrolls of identify
 l - 12 scrolls of remove curse
 n - 4 scrolls of amnesia
 o - 6 scrolls of enchant weapon
 p - a scroll of fear
 F - 5 scrolls of fog
Potions
 e - a potion of lignification
 B - a potion of resistance
 O - 3 potions of brilliance
Books
 a - a book of the Warp

   Spells                             Type                      Level
   a - Recall                         Summoning/Translocation      3
   b - Gell's Gravitas                Hexes/Translocation          3
   c - Force Lance                    Conjuration/Translocation    4
   d - Warp Weapon                    Charms/Translocation         5
   e - Summon Forest                  Summoning/Translocation      5
 b - a book of Conjurations

   Spells                             Type                      Level
   a - Magic Dart                     Conjuration                  1
   b - Searing Ray                    Conjuration                  2
   c - Dazzling Spray                 Conjuration/Hexes            3
   d - Fulminant Prism                Conjuration/Hexes            4
   e - Iskenderun's Mystic Blast      Conjuration                  4
   f - Iskenderun's Battlesphere      Conjuration/Charms           5
 m - a book of the Sky

   Spells                             Type                      Level
   a - Summon Lightning Spire         Summoning/Air                4
   b - Airstrike                      Air                          4
   c - Silence                        Hexes/Air                    5
   d - Deflect Missiles               Charms/Air                   6
   e - Conjure Ball Lightning         Conjuration/Air              6
   f - Tornado                        Air                          9
 t - Sif Muna's Guide on Poisoning
   (You found it on level 5 of the Dungeon)

   Spells                             Type                      Level
   a - Sting                          Conjuration/Poison           1
 H - a book of Ice

   Spells                             Type                      Level
   a - Ice Form                       Ice/Transmutation            4
   b - Metabolic Englaciation         Hexes/Ice                    5
   c - Ozocubu's Refrigeration        Ice                          6
   d - Bolt of Cold                   Conjuration/Ice              6
   e - Freezing Cloud                 Conjuration/Ice/Air          6
   f - Simulacrum                     Ice/Necromancy               6
 I - the Compendium of the Glacier
   (You found it in an ice cave)

   Spells                             Type                      Level
   a - Throw Frost                    Conjuration/Ice              2
   b - Ozocubu's Armour               Charms/Ice                   3
   c - Summon Ice Beast               Ice/Summoning                4
   d - Metabolic Englaciation         Hexes/Ice                    5
   e - Freezing Cloud                 Conjuration/Ice/Air          6
   f - Simulacrum                     Ice/Necromancy               6
 P - a book of Power

   Spells                             Type                      Level
   a - Fulminant Prism                Conjuration/Hexes            4
   b - Iskenderun's Mystic Blast      Conjuration                  4
   c - Venom Bolt                     Conjuration/Poison           5
   d - Bolt of Magma                  Conjuration/Fire/Earth       5
   e - Iron Shot                      Conjuration/Earth            6
   f - Orb of Destruction             Conjuration                  7
   g - Spellforged Servitor           Conjuration/Summoning        7
Comestibles
 c - a bread ration
 k - 9 meat rations
 x - 3 beef jerkies
 E - 16 fruits
 Q - 2 royal jellies


   Skills:
 - Level 10.0 Fighting
 - Level 10.0 Dodging
 - Level 2.0 Stealth
 - Level 5.0 Shields
 * Level 17.4 Spellcasting
 + Level 17.3 Conjurations


You had 27 spell levels left.
You knew the following spells:

 Your Spells              Type           Power        Failure   Level  Hunger
a - Iskenderun's Battles  Conj/Chrm      ######..     1%          5    ##.....
e - Orb of Destruction    Conj           #######...   1%          7    ######.
f - Lightning Bolt        Conj/Air       ######....   1%          5    ##.....
z - Iskenderun's Mystic   Conj           #######.     1%          4    None


Dungeon Overview and Level Annotations

Branches:
Dungeon (15/15)            Temple (1/1) D:4            Lair (0/6) D:8
    Orc (2/2) D:11            Elf (3/3) Orc:2        Vaults (0/5) D:13
 Depths (1/5) D:15

Altars:
Ashenzari
Cheibriados
Dithmenos
Elyvilon
Fedhas
Gozag
Hepliaklqana
Kikubaaqudgha
Makhleb
Nemelex Xobeh
Okawaru
Pakellas
Qazlal
Ru
Sif Muna
Trog
Uskayaw
Vehumet
Xom
Yredelemnul
Zin
The Shining One

Shops:
D:4 =(:(   D:8 (   D:15 =   Orc:2 =[*(   Elf:1 [}   Elf:2 *


Innate Abilities, Weirdness & Mutations

You have a beak for a mouth.
You have claws for feet.
You can fly continuously.
You have a pair of small antennae on your head.
You are partially covered in rough black scales. (AC +4, Dex -1)
You are partially covered in thin metallic scales. (AC +2)
You can translocate small distances at will.
Scrolls take you a little longer to read.
Your flesh is cold resistant. (rC+)
You are dopey. (Int -2)
You are occasionally teleported next to monsters.


Message History

There is a stone staircase leading up here.
Unknown command.
Unknown command.
The air elemental closely misses you.
Found 5 arrows.
You block the air elemental's attack.
Unknown command.
The air elemental misses you.
Casting: Iskenderun's Mystic Blast
Confirm with . or Enter, or press ? or * to list all spells.
Aiming: Iskenderun's Mystic Blast
Press: ? - help, Shift-Dir - straight line, f - air elemental
Aim: an air elemental You feel a surge of power!
The orb of energy hits the air elemental.
The air elemental is heavily damaged.
The orb of energy explodes!
The air elemental hits you but does no damage.
The air elemental hits you!
You die...

#.##.....
#.......#
#..(....#
#.......#
#.......#
#......<#
#......e####
.........E.#
.#####.###@#
#.# ##.# #.
.## .# #.#..
## .. ## (.
###


You could see a deep elf mage and an air elemental.

Vanquished Creatures
  Kirke (D:14)
  An orc warlord (Orc:2)
  A very ugly thing (D:11)
  A minotaur (Lab)
  2 ettins
  3 hydras
  3 centaur warriors
  2 dancing weapons (Elf:1)
  The ghost of Shenda the Basher, a journeyman GrFi of Okawaru (IceCv)
  2 death knights (D:14)
  3 tengu warriors
  5 orc high priests
  A skeletal warrior (D:14)
  2 deep elf knights
  A shadow wraith (D:13)
  2 unseen horrors (D:12)
  2 wizards (D:11)
  A deep troll (shapeshifter) (Elf:1)
  8 hill giants
  4 deep elf archers
  A necromancer (IceCv)
  4 orc knights
  6 orc sorcerers
  32 ugly things
  An oklob plant (D:6)
  A manticore (D:13)
  8 deep elf magi
  A griffon (D:13)
  An ice statue (IceCv)
  A cyclops (D:13)
  2 gargoyles
  A rime drake (shapeshifter) (D:14)
  An efreet (D:14)
  11 freezing wraiths
  A redback zombie (D:15)
  2 komodo dragons (D:15)
  A kobold demonologist (D:11)
  12 trolls
  2 two-headed ogres
  A wolf spider simulacrum (IceCv)
  A two-headed ogre (shapeshifter) (D:15)
  A hornet zombie (D:14)
  A spriggan (shapeshifter) (D:14)
  A spriggan (D:9)
  3 vampires
  2 water elementals
  5 wraiths
  4 shadows
  A wyvern (D:14)
  4 steam dragons
  10 basilisks
  20 yaks
  3 hippogriffs
  9 hungry ghosts
  5 hogs (D:14)
  2 hogs (shapeshifter)
  4 vampire mosquitoes
  4 wargs
  A death yak simulacrum (IceCv)
  A water moccasin (D:14)
  35 orc warriors
  4 eyes of draining
  11 ice beasts
  4 sky beasts
  2 black bears
  A necrophage (D:12)
  4 wasps
  3 boggarts (D:15)
  10 ogres
  11 centaurs
  A crocodile (D:11)
  2 big kobolds
  7 giant frogs
  A gnoll sergeant (D:9)
  An earth elemental (Elf:1)
  7 scorpions
  A wyvern skeleton (D:9)
  19 killer bees
  9 wights
  6 jellies
  2 electric eels (D:15)
  8 howler monkeys
  10 crimson imps
  3 giant frog zombies
  3 centaur zombies
  8 draconian simulacra (IceCv)
  6 hounds
  31 orc wizards
  5 centaur skeletons
  4 giant frog skeletons
  18 orc priests
  3 human zombies (D:12)
  An iguana (D:9)
  A human skeleton (D:12)
  A polar bear simulacrum (IceCv)
  4 troll simulacra (IceCv)
  11 worker ants
  A wolf simulacrum (IceCv)
  A killer bee zombie (D:5)
  A spriggan simulacrum (IceCv)
  3 centaur simulacra (IceCv)
  2 hound zombies
  A hound skeleton (D:10)
  4 mummies (D:12)
  16 gnolls
  3 worker ant zombies
  13 adders
  2 naga simulacra (IceCv)
  2 ogre simulacra (IceCv)
  3 shadow imps
  12 white imps (IceCv)
  An ooze (D:4)
  An adder zombie (D:6)
  2 adder skeletons
  8 worms
  2 dart slugs
  The ghost of Amnesiac the Conjurer, a weakling TeCj (D:3)
  9 giant geckos
  88 orcs
  5 giant cockroaches
  27 goblins
  36 hobgoblins
  13 jackals
  9 kobolds
  6 quokkas
  3 bats
  A giant gecko skeleton (D:6)
  2 giant gecko zombies
  6 giant newts
  An orc skeleton (D:12)
  An orc zombie (D:12)
  A quokka zombie (D:9)
  5 rats
  2 butterflies (D:2)
  2 plants
772 creatures vanquished.

Vanquished Creatures (collateral kills)
  An ugly thing (D:11)
1 creature vanquished.

Vanquished Creatures (others)
  3 centaur warriors
  A human (D:14)
  An orc warrior (Orc:2)
  A centaur (D:15)
  A fungus (Orc:2)
  2 plants (D:15)
9 creatures vanquished.

Grand Total: 782 creatures vanquished

Notes
Turn   | Place    | Note
-------+----------+-------------------------------------------
     0 | D:1      | Amnesiac the Tengu Conjurer began the quest for the Orb.
     0 | D:1      | Reached XP level 1. HP: 10/10 MP: 4/4
   180 | D:2      | Reached XP level 2. HP: 15/15 MP: 0/6
  1181 | D:1      | Reached XP level 3. HP: 19/19 MP: 4/7
  1399 | D:4      | Found an iron altar of Okawaru.
  1436 | D:4      | Found a sparkling altar of Nemelex Xobeh.
  1467 | D:4      | Found Kiuheag's Jewellery Shoppe.
  1524 | D:4      | Noticed an ogre
  1544 | D:4      | Reached XP level 4. HP: 24/24 MP: 0/9
  1550 | D:4      | Learned a level 4 spell: Iskenderun's Mystic Blast
  1639 | D:4      | Found Ettabora's Weapon Shoppe.
  1668 | D:4      | Killed an ogre
  1668 | D:4      | Gained mutation: You can fly. [Tengu growth]
  1668 | D:4      | Reached XP level 5. HP: 28/28 MP: 0/11
  2065 | D:4      | Noticed an ogre
  2425 | D:3      | Noticed Amnesiac's ghost (weakling TeCj)
  2429 | D:3      | Killed Amnesiac's ghost
  2667 | D:4      | Reached XP level 6. HP: 26/32 MP: 3/12
  2755 | D:4      | Found a staircase to the Ecumenical Temple.
  2755 | D:4      | Found Fafesch's Book Shop.
  2765 | Temple   | Entered the Ecumenical Temple
  2892 | Temple   | Became a worshipper of Vehumet
  2908 | D:4      | Found Xyqext's Weapon Shop.
  3683 | D:2      | Found a shimmering altar of Xom.
  3751 | D:1      | Reached * piety under Vehumet
  3751 | D:1      | Offered knowledge of Sandblast by Vehumet.
  4203 | D:2      | Reached skill level 5 in Spellcasting
  4564 | D:3      | Reached XP level 7. HP: 36/36 MP: 6/15
  4600 | D:3      | Found a basalt altar of Yredelemnul.
  4870 | D:4      | Found an oddly glowing altar of Pakellas.
  4893 | D:5      | Entered Level 5 of the Dungeon
  5085 | D:5      | Found a hazy altar of Hepliaklqana.
  5118 | D:5      | Found a deep blue altar of Sif Muna.
  5164 | D:5      | Identified Sif Muna's Guide on Poisoning
  5909 | D:5      | Reached ** piety under Vehumet
  5926 | D:5      | Offered knowledge of Freeze by Vehumet.
  6172 | D:5      | Reached XP level 8. HP: 40/41 MP: 1/19
  6230 | D:5      | Offered knowledge of Ignite Poison by Vehumet.
  6471 | D:5      | Reached *** piety under Vehumet
  6816 | D:5      | Found a bloodstained altar of Trog.
  7002 | D:5      | Offered knowledge of Stone Arrow by Vehumet.
  7568 | D:6      | Noticed a yak
  7568 | D:6      | Noticed a yak
  7568 | D:6      | Noticed a yak
  7571 | D:6      | Killed a yak
  7572 | D:6      | Noticed a yak
  7583 | D:6      | Killed a yak
  7583 | D:6      | Reached XP level 9. HP: 45/45 MP: 2/23
  8010 | D:6      | Found a shattered altar of Ashenzari.
  8075 | D:6      | Found a blossoming altar of Fedhas.
  8106 | D:6      | Noticed an oklob plant
  8474 | D:6      | Reached **** piety under Vehumet
  8624 | D:6      | Offered knowledge of Lightning Bolt by Vehumet.
  8765 | D:6      | Reached skill level 10 in Spellcasting
  8765 | D:6      | Reached skill level 10 in Conjurations
  9011 | D:6      | Learned a level 5 spell: Iskenderun's Battlesphere
  9022 | D:6      | Killed an oklob plant
  9605 | D:7      | Gained mutation: Your magical capacity is low. (-10% MP) [mutagenic meat]
  9608 | D:7      | Gained mutation: Scrolls take you a little longer to read. [mutagenic meat]
  9611 | D:7      | Gained mutation: You expend magic power (3 MP) to strengthen your wands. [mutagenic meat]
  9617 | D:7      | Gained mutation: Your mind is acute. (Int +2) [mutagenic meat]
  9620 | D:7      | Gained mutation: You are partially covered in thin metallic scales. (AC +2) [mutagenic meat]
  9631 | D:7      | Gained mutation: Your spells are a little harder to cast, but a little more powerful. [potion of mutation]
  9672 | D:7      | Found an ancient bone altar of Kikubaaqudgha.
  9933 | D:7      | Found a snail-covered altar of Cheibriados.
 10020 | D:7      | Reached XP level 10. HP: 50/50 MP: 12/23
 10169 | D:8      | Found Eghykler's Antique Weapon Emporium.
 10192 | D:8      | Found a staircase to the Lair.
 10268 | D:8      | Noticed a dagger
 10268 | D:8      | Noticed a dagger
 10269 | D:8      | Found a hide-covered altar of Uskayaw.
 10471 | D:8      | Learned a level 5 spell: Lightning Bolt
 11989 | D:9      | Found a blossoming altar of Fedhas.
 12648 | D:4      | Bought a +6 amulet of reflection for 350 gold pieces
 12780 | D:9      | Reached skill level 1 in Shields
 12935 | D:9      | Gained mutation: You have a pair of small horns on your head. [potion of mutation]
 12935 | D:9      | Lost mutation: Scrolls take you a little longer to read. [potion of mutation]
 12935 | D:9      | Lost mutation: Your mind is acute. (Int +2) [potion of mutation]
 12936 | D:9      | Gained mutation: You have a pair of horns on your head. [potion of mutation]
 12936 | D:9      | Gained mutation: Scrolls take you a little longer to read. [potion of mutation]
 13172 | D:10     | Entered Level 10 of the Dungeon
 13401 | D:10     | Reached ***** piety under Vehumet
 13574 | D:10     | Noticed a hill giant
 13633 | D:10     | Killed a hill giant
 13633 | D:10     | Reached skill level 5 in Shields
 13633 | D:10     | Reached XP level 11. HP: 54/54 MP: 9/25
 14149 | D:10     | Offered knowledge of Delayed Fireball by Vehumet.
 14560 | D:11     | Reached skill level 5 in Dodging
 14736 | D:11     | Noticed a green ugly thing
 14752 | D:11     | Killed a green ugly thing
 14756 | D:11     | Noticed a green ugly thing
 14765 | D:11     | Noticed a red ugly thing
 14784 | D:11     | Learned a level 7 spell: Orb of Destruction
 15033 | D:11     | Found a staircase to the Orcish Mines.
 15149 | D:11     | Reached skill level 1 in Fighting
 15849 | D:11     | Lost mutation: Scrolls take you a little longer to read. [mutagenic meat]
 15862 | D:11     | Noticed a brown very ugly thing
 15872 | D:11     | Killed a brown very ugly thing
 15872 | D:11     | Reached skill level 5 in Fighting
 15911 | D:11     | Got a warped brass ring
 15913 | D:11     | Identified the ring of Utienut {+Fly Int+2} (You found it on level 11 of the Dungeon)
 16014 | D:11     | Noticed a wizard
 16016 | D:11     | Killed a wizard
 16046 | D:11     | Got a fine lead ring
 16057 | D:11     | Noticed a red ugly thing
 16060 | D:11     | Killed a red ugly thing
 16061 | D:11     | Noticed a purple ugly thing
 16062 | D:11     | Killed a green ugly thing
 16065 | D:11     | Identified the ring of Essoded {rElec MR- Int+4 Stlth-} (You took it off a wizard on level 11 of the Dungeon)
 16068 | D:11     | Noticed a white ugly thing
 16488 | D:11     | Noticed a hill giant
 16495 | D:11     | Killed a hill giant
 16495 | D:11     | Reached XP level 12. HP: 46/73 MP: 11/26
 16818 | D:11     | Lost mutation: You expend magic power (3 MP) to strengthen your wands. [mutagenic meat]
 16830 | D:11     | Gained mutation: You are occasionally teleported next to monsters. [mutagenic meat]
 17569 | D:11     | Gained mutation: Your magical capacity is very low. (-20% MP) [mutagenic meat]
 17736 | D:12     | Got a crystal long sword
 17737 | D:12     | Identified the cursed +1 long sword of an ossuary {drain, rC+} (You found it on level 12 of the Dungeon)
 17739 | D:12     | Lost mutation: Your magical capacity is very low. (-20% MP) [potion of cure mutation]
 17739 | D:12     | Lost mutation: Your magical capacity is low. (-10% MP) [potion of cure mutation]
 17739 | D:12     | Lost mutation: You have a pair of horns on your head. [potion of cure mutation]
 17739 | D:12     | Lost mutation: You have a pair of small horns on your head. [potion of cure mutation]
 17773 | D:12     | Found a frozen archway.
 17800 | IceCv    | Entered an ice cave
 17938 | IceCv    | Noticed Shenda's ghost (journeyman GrFi)
 18036 | IceCv    | Killed Shenda's ghost
 18116 | IceCv    | Offered knowledge of Poisonous Cloud by Vehumet.
 18347 | IceCv    | Found an ancient bone altar of Kikubaaqudgha.
 19626 | IceCv    | Identified the Compendium of the Glacier
 20148 | D:12     | Noticed an eight-headed hydra
 20148 | D:12     | Reached XP level 13. HP: 58/78 MP: 4/31
 21330 | D:12     | Offered knowledge of Lee's Rapid Deconstruction by Vehumet.
 21601 | D:12     | Found an ancient bone altar of Kikubaaqudgha.
 22334 | D:13     | Noticed an ettin
 22377 | D:13     | Killed an ettin
 23076 | D:13     | Found a gate to the Vaults.
 23133 | D:13     | Reached skill level 15 in Spellcasting
 23135 | D:13     | Reached skill level 15 in Conjurations
 23148 | D:13     | Gained mutation: Scrolls take you a little longer to read. [mutagenic meat]
 23618 | D:14     | Gained mutation: You can translocate small distances at will. [mutagenic meat]
 23735 | D:14     | Noticed Kirke
 24388 | D:14     | Gained mutation: You can fly continuously. [Tengu growth]
 24388 | D:14     | Reached XP level 14. HP: 84/84 MP: 12/34
 24718 | D:13     | Gained mutation: Your mind is acute. (Int +2) [mutagenic meat]
 24721 | D:13     | Gained mutation: Your muscles are strong. (Str +2) [mutagenic meat]
 24822 | D:14     | Killed Kirke
 25062 | D:14     | Reached skill level 10 in Fighting
 25312 | D:14     | Reached skill level 10 in Dodging
 25508 | D:14     | Offered knowledge of Irradiate by Vehumet.
 25891 | D:14     | Gained mutation: You are partially covered in rough black scales. (AC +4, Dex -1) [mutagenic meat]
 25914 | D:14     | Lost mutation: Your muscles are strong. (Str +2) [mutagenic meat]
 25935 | D:14     | Lost mutation: Your spells are a little harder to cast, but a little more powerful. [mutagenic meat]
 26070 | D:14     | Gained mutation: Your spells are a little easier to cast, but a little less powerful. [mutagenic meat]
 26243 | D:14     | Gained mutation: Your spells are easier to cast, but less powerful. [mutagenic meat]
 26246 | D:14     | Lost mutation: Your spells are easier to cast, but less powerful. [mutagenic meat]
 26249 | D:14     | Gained mutation: You have a pair of small antennae on your head. [mutagenic meat]
 26468 | D:15     | Entered Level 15 of the Dungeon
 26780 | D:15     | Found Ralower's Jewellery Shop.
 26805 | D:15     | Paralysed by an orc sorcerer for 2 turns
 26813 | D:15     | Found a labyrinth entrance.
 26817 | Lab      | Entered a labyrinth
 27332 | Lab      | Found an exit through the horrors of the Abyss.
 27762 | Lab      | Got a wavering pewter ring
 28306 | D:15     | Lost mutation: Your spells are a little easier to cast, but a little less powerful. [mutagenic meat]
 28309 | D:15     | Gained mutation: Your flesh is cold resistant. (rC+) [mutagenic meat]
 28335 | D:15     | Found a staircase to the Depths.
 28477 | D:15     | Reached XP level 15. HP: 92/92 MP: 30/35
 28499 | D:15     | Lost mutation: Your mind is acute. (Int +2) [mutagenic meat]
 28552 | D:15     | Gained mutation: You are dopey. (Int -2) [mutagenic meat]
 28555 | D:15     | Gained mutation: You expend magic power (3 MP) to strengthen your wands. [mutagenic meat]
 28558 | D:15     | Lost mutation: You expend magic power (3 MP) to strengthen your wands. [mutagenic meat]
 29110 | D:15     | Identified the ring of Xom's Regard {rF+ AC+4} (You took it off a minotaur in a labyrinth)
 29902 | D:15     | Bought the brooch of Shielding {Reflect SH+8} for 608 gold pieces
 30017 | Depths:1 | Entered Level 1 of the Depths
 30285 | Orc:1    | Entered Level 1 of the Orcish Mines
 30308 | Orc:1    | Offered knowledge of Poison Arrow by Vehumet.
 31486 | Orc:2    | Entered Level 2 of the Orcish Mines
 31727 | Orc:2    | Noticed an orc warlord
 32019 | Orc:2    | Killed an orc warlord
 32037 | Orc:1    | Offered knowledge of Bolt of Fire by Vehumet.
 33518 | Orc:2    | Found a staircase to the Elven Halls.
 33925 | Orc:2    | Found Ysoon's Antique Armour Emporium.
 34130 | Orc:2    | Bought a runed hat for 80 gold pieces
 34160 | Orc:2    | Found Umpeidit's General Store.
 34221 | Orc:2    | Found Erghol's Antique Weapon Shop.
 34242 | Orc:2    | Found Bahoaly's Jewellery Boutique.
 34392 | Elf:1    | Entered Level 1 of the Elven Halls
 34684 | D:4      | Bought a book of the Sky for 715 gold pieces
 35217 | Elf:1    | Found Kukhla's Armour Boutique.
 35225 | Elf:1    | Found a radiant altar of Vehumet.
 35301 | Elf:1    | Found Rixt's Gadget Emporium.
 35341 | Elf:2    | Found Heedips's Assorted Antiques.
 35348 | Elf:3    | Entered Level 3 of the Elven Halls
 35353 | Elf:3    | Slain by an air elemental

Vault maps used:
D:1:      eino_arrival_druids_welcome
D:2:      xom_butterflies, minmay_tetromino_s4
D:3:      lemuel_doored_altar, minmay_misc_feat_iff, hex_large
D:4:      overflow_temple_1_default, nemelex_altar_shiori, first_bread,
          serial_shops, nicolae_shop_competitors_out_of_business, shop, shop,
          nicolae_shop_crystal, minmay_misc_feat_doors, johnstein_pakellas_dig
D:5:      minmay_goblin_kobold_castle, lemuel_crystal_altar,
          trog_eyes_of_draining, led_sif_book
D:6:      evilmike_ruin_ashenzari, tgw_fedhas
D:7:      old_standard_altar, cheibrodos_worm_habitat
D:8:      dancing_weapons_uskayaw, lair_0_dummy, serial_shops, shop
D:9:      kennysheep_mini_moat, the_bakery
D:10:     st_stairs_13
D:11:     cheibrodos_breeding_chamber, kennysheep_generic_room_15
D:12:     portal_ice_cave_entry_pillars_2, lemuel_mausoleum_altar_kikubaaqudgha
D:13:     david_vaults_4
D:14:     serial_bayou_pond_d, grunt_ministairs_8, uniq_kirke
D:15:     hangedman_depths_entry_civil_slaughter, serial_bayou_ford_a,
          serial_shops, shop, lab_entry_generic
Temple:   nicolae_temple_figure_zero
Orc:2:    grunt_orc_gardens, grunt_orc_garden, grunt_orc_garden,
          grunt_orc_garden, grunt_orc_garden
Elf:1:    eino_elf_arrival_sip, serial_shops, shop, shop, nicolae_shop_stone,
          shop, nicolae_shop_stone, enter_trove_2, basic_altar, orc_legates,
          statue_in_the_mist_lemuel, nicolae_elf_stone_circles
Elf:2:    serial_shops, nicolae_shop_statue_plus
Elf:3:    grunt_elf_hall_asides, infiniplex_enter_wizlab_glasses,
          david_defended_altar_elf, uniq_louise
Depths:1: evilmike_pillar_path, serial_sigils_hangedman_clutch, hell_entry,
          nooodl_orcs_dogs, uniq_mara
Lab:      labyrinth_watery, nicolae_lab_lava, nicolae_lab_starburst,
          labyrinth_skeletal_remains, nicolae_lab_diamond,
          labyrinth_baited_teleportation_trap, labyrinth_fake_exit,
          nicolae_lab_hexagon, nicolae_lab_grate, nicolae_lab_t_cross,
          nicolae_lab_garden, lab_hedge, nicolae_lab_grate_2,
          nicolae_lab_do_over
IceCv:    ice_cave_small_necro

Skill      XL: |  1  2  3  4  5  6  7  8  9 10 11 12 13 14 15 |
---------------+----------------------------------------------+-----
Conjurations   | 6 7 8 9 10 12 14 15 16 17 | 17.3
Spellcasting   | 3 5 7 9 10 12 13 15 17 | 17.4
Shields        | 5 |  5.0
Dodging        | 6 9 10 | 10.0
Fighting       | 7 8 10 | 10.0
Stealth        | |  2.0

Action                   |  1- 3 |  4- 6 |  7- 9 | 10-12 | 13-15 || total
-------------------------+-------+-------+-------+-------+-------++-------
Melee: Unarmed           |     5 |       |       |       |       ||     5
       Kick              |     3 |     3 |    39 |    12 |    48 ||   105
       Dagger            |     9 |    12 |       |       |       ||    21
       Peck              |     2 |     3 |    16 |     3 |    24 ||    48
       Mace              |       |       |    92 |    41 |   179 ||   312
       Headbutt          |       |       |       |     3 |       ||     3
       Long sword        |       |       |       |    38 |     7 ||    45
 Cast: Magic Dart        |    76 |   106 |   124 |       |       ||   306
       Iskenderun's Myst |       |    22 |   131 |   364 |   530 ||  1047
       Iskenderun's Batt |       |       |     1 |       |       ||     1
       Lightning Bolt    |       |       |       |     1 |     5 ||     6
       Orb of Destructio |       |       |       |    31 |   128 ||   159
 Abil: Fly               |       |     1 |     5 |     3 |     7 ||    16
       Blink             |       |       |       |       |     1 ||     1
  Use: Scroll            |       |       |    20 |    13 |    15 ||    48
       Potion            |       |       |     4 |    11 |    12 ||    27
 Stab: Sleeping          |     1 |       |       |     1 |       ||     2
  Eat: Chunk             |     1 |    13 |    34 |    43 |    80 ||   171
       Beef jerky        |     1 |     1 |       |       |     2 ||     4
       Bread ration      |       |       |       |     3 |    10 ||    13
       Fruit             |       |       |       |     2 |       ||     2
       Pizza             |       |       |       |       |     1 ||     1
Armor: Robe              |     2 |     9 |    38 |     4 |   137 ||   190
       Steam dragon hide |       |       |       |    17 |       ||    17
       Skin              |       |       |       |    24 |     7 ||    31
Dodge: Dodged            |    13 |    20 |    64 |    61 |   389 ||   547
Block: Buckler           |       |       |       |    67 |   345 ||   412
       Reflection        |       |       |       |     7 |    44 ||    51
